 Dungeon Crawl Stone Soup version 0.24-a0-725-gf1a930fc54 (webtiles) character file.

Game seed: 3171919383101315743, levelgen mode: deterministic

13434 MalarOregon the Fighter (level 11, 0/153 HPs)
             Began as a Green Draconian Fire Elementalist on Oct 1, 2019.
             Was an Elder of Wu Jian.
             Slain by a minotaur (19 damage)
             ... in a Gauntlet.
             The game lasted 00:24:41 (11513 turns).

MalarOregon the Fighter (DrFE)                     Turns: 11513, Time: 00:24:42

Health: 0/153      AC: 22    Str: 16    XL:     11   Next: 75%
Magic:  24/34      EV: 19    Int: 23    God:    Wu Jian [****..]
Gold:   928        SH:  6    Dex: 12    Spells: 19/29 levels left

rFire    + . .     SeeInvis .   q - +3 flail (protect)
rCold    . . .     Gourm    .   (no shield)
rNeg     . . .     Faith    .   (armour unavailable)
rPois    +         Spirit   .   C - +3 hat of Pondering {ponderous, MR+ MP+10 Int+5}
rElec    .         Reflect  +   I - +2 cloak
rCorr    .         Harm     .   x - +0 pair of gloves (curse)
MR       +....     NoTele   +   g - +0 pair of boots
Stlth    ..........             F - +6 amulet of reflection
HPRegen  0.35/turn              m - +4 ring of evasion
MPRegen  0.24/turn              i - ring of protection from fire

@: berserking (expiring), protection aura, hasted, very quick
A: breathe noxious fumes, unfitting armour, poison resistance, cold-blooded, AC
+7
a: Breathe Noxious Fumes, Wall Jump, Serpent's Lash, Renounce Religion


You were in a Gauntlet.
You worshipped Wu Jian.
Wu Jian was greatly pleased with you.
You were hungry.

You visited 2 branches of the dungeon, and saw 11 of its levels.
You also visited: Sewer and Gauntlet.

You collected 928 gold pieces.

Inventory:

Hand Weapons
 q - a +3 flail of protection (weapon)
   (You took it off an orc on level 3 of the Dungeon)
 t - a +1 scimitar of flaming
   (You took it off an efreet in a Gauntlet)
Missiles
 o - 7 silver javelins (quivered)
 J - 3 throwing nets {!f}
Armour
 g - a +0 pair of boots (worn)
   (You found it on level 1 of the Dungeon)
 j - the +0 cloak of Masochism {rPois rC+ Dex+4, unknown}
   (You found it in a Gauntlet)

   It affects your dexterity (+4).
   It protects you from cold.
   It protects you from poison.
 x - a cursed +0 pair of gloves (worn)
   (You found it on level 2 of the Dungeon)
 C - the +3 hat of Pondering (worn) {ponderous, MR+ MP+10 Int+5}
   (You took it off Gastronok on level 8 of the Dungeon)

   It affects your intelligence (+5).
   It affects your resistance to hostile enchantments.
   It affects your magic capacity (+10).
 I - a +2 cloak (worn)
   (You found it on level 9 of the Dungeon)
Jewellery
 i - a ring of protection from fire (right hand)
   (You took it off Duvessa on level 7 of the Dungeon)
 m - a +4 ring of evasion (left hand)
   (You found it on level 2 of the Dungeon)
 s - an uncursed ring of flight
   (You found it on level 4 of the Dungeon)
 v - an uncursed ring of positive energy
   (You found it on level 6 of the Dungeon)
 w - an uncursed ring of wizardry
   (You found it on level 2 of the Dungeon)
 B - an uncursed ring of ice
   (You found it on level 7 of the Dungeon)
 F - a +6 amulet of reflection (around neck)
   (You found it on level 8 of the Dungeon)
Scrolls
 c - 2 scrolls of blinking
 d - 5 scrolls of teleportation {@r4}
 f - 5 scrolls of remove curse {@r2}
 k - 2 scrolls of fear
 l - a scroll of enchant armour {unknown}
 n - 3 scrolls of immolation {unknown}
 p - a scroll of brand weapon {unknown}
 z - 2 scrolls of enchant weapon
 K - a scroll of torment {!r}
 L - a scroll of acquirement
Potions
 b - 3 potions of heal wounds {@q2}
 h - 3 potions of haste {@q3}
 r - a potion of brilliance
 u - 2 potions of magic
 A - a potion of experience
 G - a potion of curing {@q1}
 H - a potion of cancellation
Comestibles
 e - 16 rations {!d}


   Skills:
 * Level 11.0 Fighting
 + Level 6.9 Dodging
 - Level 1.7 Stealth
 * Level 9.6 Spellcasting
 + Level 7.3 Conjurations
 + Level 7.9 Fire Magic


You had 19 spell levels left.
You knew the following spells:

 Your Spells              Type           Power        Failure   Level  Hunger
a - Flame Tongue          Conj/Fire      #####        1%          1    None
q - Sticky Flame          Conj/Fire      #####...     2%          4    ##.....
x - Fireball              Conj/Fire      #####.....   7%          5    ####...

Your spell library contained the following spells:

 Spells                   Type           Power        Failure   Level  Hunger
 Shock                    Conj/Air       ####         1%          1    None
 Throw Flame              Conj/Fire      #####.       1%          2    None
 Conjure Flame            Conj/Fire      #####...     1%          3    None
 Inner Flame              Hex/Fire       ####....     3%          3    None
 Static Discharge         Conj/Air       ####....     3%          3    None
 Swiftness                Chrm/Air       ##......     9%          2    None
 Force Lance              Conj/Tloc      ####....     13%         4    ##.....
 Gell's Gravitas          Tloc           ##........   17%         3    None
 Portal Projectile        Hex/Tloc       ##....       17%         3    None
 Lightning Bolt           Conj/Air       ####......   34%         5    ####...
 Airstrike                Air            ##........   50%         4    ##.....
 Dispersal                Tloc           ##........   100%        6    ######.
 Controlled Blink         Tloc           N/A          100%        8    #######
 Disjunction              Tloc           ##........   100%        8    #######


Dungeon Overview and Level Annotations

Branches:
Dungeon (10/15)            Temple (0/1) D:6            Lair (1/6) D:10
    Orc (0/2) D:9           Sewer (visited)         Gauntlet (1/1)

Altars:
Cheibriados
Dithmenos
Fedhas
Hepliaklqana
Makhleb
Nemelex Xobeh
Okawaru
Uskayaw
Wu Jian
Xom
Zin
The Shining One

Shops:
D:6 }   D:8 [

Annotations:
Gauntlet 12 transporters, exclusion: obsidian statue


Innate Abilities, Weirdness & Mutations

You can breathe blasts of noxious fumes.
Your lurid green scales are hard. (AC +7)
You cannot fit into any form of body armour.
Your system is resistant to poisons. (rPois)
You are cold-blooded and may be slowed by cold attacks.


Message History

You feel yourself speed up.
The minotaur burns!
The minotaur hits you!
* * * LOW HITPOINT WARNING * * *
You block the minotaur's attack.
Aim: a minotaur, wearing a +2 chain mail of fire resistance (moderately wounded, covered in liquid flames)
The sticky flame hits the minotaur but does no damage.
The minotaur is covered in liquid flames!
The minotaur burns!
The minotaur hits you!
* * * LOW HITPOINT WARNING * * *
You block the minotaur's attack.
You hit the minotaur but do no damage.
Your weapon exudes an aura of protection.
The minotaur burns!
The minotaur hits you!
* * * LOW HITPOINT WARNING * * *
The minotaur gores you!
* * * LOW HITPOINT WARNING * * *
You feel much better.
The minotaur hits you but does no damage.
The minotaur gores you but does no damage.
Unknown command.
You feel much better.
The minotaur burns!
Unknown command.
Okay, then.
Aim: a minotaur, wearing a +2 chain mail of fire resistance (moderately wounded, covered in liquid flames)
The sticky flame hits the minotaur.
The minotaur completely resists.
The minotaur is covered in liquid flames!
The minotaur burns!
The minotaur hits you. The minotaur closely misses you.
A red film seems to cover your vision as you go berserk!
You feel yourself moving faster!
You feel mighty!
The minotaur burns!
The minotaur hits you but does no damage.
The minotaur gores you!
* * * LOW HITPOINT WARNING * * *
You hit the minotaur but do no damage. The minotaur hits you!
* * * LOW HITPOINT WARNING * * *
You block the minotaur's attack.
You sock the minotaur! You tail-slap the minotaur!
The minotaur burns!
The minotaur hits you!
* * * LOW HITPOINT WARNING * * *
The minotaur misses you.
You hit the minotaur.
The minotaur burns!
The minotaur hits you!!
* * * LOW HITPOINT WARNING * * *
You block the minotaur's attack.
You hit the minotaur.
The minotaur burns!
Unknown command.
You hit the minotaur.
The minotaur burns!
You block the minotaur's attack. The minotaur gores you!
* * * LOW HITPOINT WARNING * * *
You hit the minotaur.
You tail-slap the minotaur, but do no damage.
The minotaur burns!
The minotaur hits you!!
You die...

###### #.##.###
###.....#
#H##.##.#
#@##.##.## .
#.#......# #.
#.#.##.###
##.###'#.##.###
...............#
##.##.##(##.##.#
##.##.##.##.##.#
...............#
#.##.##.##.##.##


You could see a minotaur (burning).

Vanquished Creatures
  Gastronok (D:8)
  Harold (D:9)
  Pikel (D:8)
  A cyclops (D:8)
  2 centaur zombies
  Psyche (D:10)
  An efreet (Gauntlet)
  3 hornets
  4 hippogriffs
  Sigmund (D:2)
  5 flying skulls (Gauntlet)
  A fire bat (shapeshifter) (Gauntlet)
  3 fire elementals (Gauntlet)
  Grum (D:8)
  Menkaure (D:7)
  A soldier ant (D:8)
  Duvessa (D:7)
  A porcupine (Lair:1)
  3 ice beasts (D:8)
  A hell hound (Gauntlet)
  7 orc warriors
  2 sky beasts (D:9)
  4 ogres
  A black bear (D:8)
  2 phantoms
  An ogre (shapeshifter) (Gauntlet)
  2 wolves (D:8)
  5 centaurs
  A crocodile (Sewer)
  3 big kobolds (D:8)
  2 bullfrogs
  Dowan (D:7)
  A water moccasin skeleton (D:7)
  4 scorpions
  5 killer bees (D:9)
  4 wights (D:9)
  8 howler monkeys
  5 crimson imps
  2 quasits
  2 bullfrog skeletons (D:10)
  10 orc priests
  3 hounds
  4 jellies
  10 orc wizards
  3 iguanas
  Terence (D:3)
  8 worker ants
  Natasha (thrice) (D:4)
  A hound zombie (D:7)
  A hound skeleton (D:10)
  2 worker ant zombies
  Robin (D:3)
  11 adders
  2 shadow imps (D:8)
  2 oozes
  An adder zombie (D:3)
  4 worms
  7 leopard geckos
  42 orcs
  12 bats
  3 giant cockroaches
  22 goblins
  11 hobgoblins
  22 jackals
  21 kobolds
  5 quokkas
  2 ball pythons
  2 frilled lizards
  2 leopard gecko skeletons
  5 rats
319 creatures vanquished.

Vanquished Creatures (others)
  An adder (D:8)
  14 demonic plants (Gauntlet)
15 creatures vanquished.

Grand Total: 334 creatures vanquished

Notes
Turn   | Place    | Note
-------+----------+-------------------------------------------
     0 | D:1      | MalarOregon the Draconian Fire Elementalist began the quest
                  | for the Orb.
     0 | D:1      | Reached XP level 1. HP: 14/14 MP: 3/3
   121 | D:1      | Reached XP level 2. HP: 7/22 MP: 1/5
   709 | D:1      | Reached skill level 1 in Fighting
   791 | D:1      | Reached XP level 3. HP: 24/28 MP: 4/6
  1144 | D:2      | Found a hazy altar of Hepliaklqana.
  1228 | D:2      | Reached skill level 2 in Fighting
  1228 | D:2      | Reached XP level 4. HP: 36/36 MP: 1/8
  1362 | D:2      | Noticed Sigmund
  1484 | D:3      | Found a glowing silver altar of Zin.
  1485 | D:3      | Noticed an angel
  1537 | D:3      | Found a burning altar of Makhleb.
  1569 | D:3      | Noticed Terence
  1606 | D:3      | Killed Terence
  1606 | D:3      | Reached XP level 5. HP: 33/42 MP: 0/9
  1877 | D:3      | Learned a level 4 spell: Sticky Flame
  1883 | D:3      | Learned a level 5 spell: Fireball
  1884 | D:3      | Found a blossoming altar of Fedhas.
  1897 | D:3      | Found a sparkling altar of Nemelex Xobeh.
  1898 | D:3      | Found a shimmering altar of Xom.
  2009 | D:3      | Noticed Robin
  2042 | D:3      | Reached skill level 3 in Fighting
  2051 | D:3      | Killed Robin
  2161 | D:3      | Noticed a +0 hand axe
  2162 | D:3      | Found a hide-covered altar of Uskayaw.
  2162 | D:3      | Noticed a +0 hand axe
  2238 | D:3      | Reached XP level 6. HP: 41/51 MP: 1/11
  2574 | D:4      | Noticed Natasha
  2583 | D:4      | Killed Natasha
  2744 | D:4      | Noticed Natasha
  2750 | D:4      | Killed Natasha
  3032 | D:4      | Reached skill level 4 in Fighting
  3032 | D:4      | Your scales start taking on a lurid green colour.
  3032 | D:4      | Reached XP level 7. HP: 46/59 MP: 1/13
  3032 | D:4      | Gained mutation: Your system is resistant to poisons.
                  | (rPois) [Green Draconian growth]
  3245 | D:4      | Noticed Natasha
  3414 | D:4      | Killed Natasha
  3683 | D:2      | Killed Sigmund
  4025 | D:5      | Entered Level 5 of the Dungeon
  4127 | D:5      | Found a glowing drain.
  4145 | Sewer    | Entered a sewer
  4296 | Sewer    | Reached skill level 5 in Fighting
  4691 | D:5      | Found a shadowy altar of Dithmenos.
  4841 | D:5      | Reached XP level 8. HP: 68/68 MP: 8/15
  5204 | D:6      | Found an ornate altar of the Wu Jian Council.
  5298 | D:6      | Became a worshipper of the Wu Jian Council
  5386 | D:6      | Reached skill level 5 in Spellcasting
  5455 | D:6      | Found Teerauhy's Gadget Emporium.
  5565 | D:6      | Found a snail-covered altar of Cheibriados.
  5565 | D:6      | Found an iron altar of Okawaru.
  5567 | D:6      | Found a glowing golden altar of the Shining One.
  5855 | D:6      | Found a staircase to the Ecumenical Temple.
  5927 | D:7      | Reached skill level 6 in Fighting
  5981 | D:7      | Reached skill level 5 in Fire Magic
  5990 | D:7      | Noticed a hippogriff
  5999 | D:7      | Killed a hippogriff
  6111 | D:7      | Noticed Duvessa
  6117 | D:7      | Noticed Dowan
  6128 | D:7      | Killed Duvessa
  6132 | D:7      | Killed Dowan
  6132 | D:7      | Reached XP level 9. HP: 30/78 MP: 3/18
  6399 | D:7      | Noticed Menkaure
  6405 | D:7      | Killed Menkaure
  6405 | D:7      | Reached skill level 7 in Fighting
  7254 | D:8      | Reached * piety under Wu Jian
  7284 | D:8      | Noticed a cyclops
  7297 | D:8      | Killed a cyclops
  7297 | D:8      | Reached skill level 5 in Dodging
  7297 | D:8      | Reached skill level 5 in Conjurations
  7539 | D:8      | Reached skill level 8 in Fighting
  7601 | D:8      | Noticed Grum
  7623 | D:8      | Killed Grum
  7623 | D:8      | Reached XP level 10. HP: 14/89 MP: 5/21
  7851 | D:8      | Paralysed by a hornet for 2 turns
  7853 | D:8      | Reached ** piety under Wu Jian
  8063 | D:8      | Noticed Pikel
  8078 | D:8      | Killed Pikel
  8078 | D:8      | Reached skill level 9 in Fighting
  8293 | D:8      | Noticed Gastronok
  8294 | D:8      | Found a sparkling altar of Nemelex Xobeh.
  8603 | D:8      | Killed Gastronok
  9008 | D:8      | Found Paffo's Antique Armour Boutique.
  9272 | D:9      | Reached XP level 11. HP: 90/99 MP: 23/23
  9354 | D:9      | Noticed Harold
  9371 | D:9      | Killed Harold
  9371 | D:9      | Reached skill level 10 in Fighting
  9533 | D:9      | Reached *** piety under Wu Jian
  9689 | D:9      | Found a staircase to the Orcish Mines.
  9786 | D:10     | Entered Level 10 of the Dungeon
  9852 | D:10     | Reached **** piety under Wu Jian
  9992 | D:10     | Found a staircase to the Lair.
 10296 | D:10     | Noticed Psyche
 10301 | D:10     | Killed Psyche
 10557 | Lair:1   | Entered Level 1 of the Lair of Beasts
 10580 | Lair:1   | Found a gate leading to a gauntlet.
 10591 | Gauntlet | Entered a Gauntlet
 10591 | Gauntlet | Found a transporter.
 10599 | Gauntlet | Found a transporter.
 10606 | Gauntlet | Noticed a fire crab
 10608 | Gauntlet | Found a transporter.
 10621 | Gauntlet | Found a transporter.
 10624 | Gauntlet | a fire crab changed into a yak
 10626 | Gauntlet | Found a transporter.
 10641 | Gauntlet | Found a transporter.
 10660 | Gauntlet | Found a transporter.
 10661 | Gauntlet | Noticed a death ooze
 10672 | Gauntlet | Found a transporter.
 10684 | Gauntlet | Found a transporter.
 10684 | Gauntlet | Noticed a great orb of eyes
 10685 | Gauntlet | Noticed a red ugly thing
 10687 | Gauntlet | Noticed a cyan ugly thing
 10703 | Gauntlet | Found a transporter.
 10703 | Gauntlet | Noticed an obsidian statue
 10709 | Gauntlet | Found a transporter.
 10709 | Gauntlet | Found a transporter.
 10711 | Gauntlet | Found a transporter.
 10728 | Gauntlet | Found a transporter.
 10728 | Gauntlet | Noticed an entropy weaver
 10734 | Gauntlet | Found a transporter.
 10777 | Gauntlet | Found a transporter.
 10823 | Gauntlet | Noticed a shock serpent
 10825 | Gauntlet | Noticed an orb spider
 10832 | Gauntlet | a shock serpent changed into a moth of wrath
 10832 | Gauntlet | an orb spider changed into a hornet
 10897 | Gauntlet | Found a transporter.
 10899 | Gauntlet | Found a transporter.
 11089 | Gauntlet | Noticed a fire crab
 11121 | Gauntlet | Noticed an orb spider
 11121 | Gauntlet | a fire crab changed into an orb spider
 11129 | Gauntlet | an orb spider changed into a blink frog
 11200 | Gauntlet | Identified a scroll of acquirement
 11329 | Gauntlet | Got a scorched cloak
 11344 | Gauntlet | Reached skill level 11 in Fighting
 11487 | Gauntlet | Noticed a minotaur
 11513 | Gauntlet | Slain by a minotaur

Levels and vault maps discovered:
D:1:      dpeg_arrival_lava_temple_mockup, layout_rooms
D:2:      layout_basic, lemuel_crystal_altar, uniq_sigmund
D:3:      layout_rooms, lightli_temple_of_fire, zin_angel, minitemple,
          dancing_weapons_uskayaw, grunt_ministairs_10, uniq_terence, uniq_robin
D:4:      layout_basic, first_ration, kennysheep_big_empty_room, uniq_natasha
D:5:      layout_basic, marbit_many_paths, cheibrodos_sewer_entry_sluice,
          kennysheep_diamond
D:6:      layout_loops_ring, kennysheep_mini_moat,
          chequers_temple_overflow_statue_of_worship,
          minmay_temple_entry_butterflies, serial_shops,
          nicolae_shop_behind_doors
D:7:      layout_loops_ring, uniq_menkaure, uniq_duvessa
D:8:      minmay_cornered_nines, layout_basic, serial_shops, shop_coins,
          hangedman_pestilent_swarm, minmay_misc_feat_chi,
          nemelex_xobeh_ov_fountains_minmay, uniq_gastronok, uniq_grum,
          uniq_pikel
D:9:      layout_cave_pools, hiddenorc1_lemuel, uniq_harold
D:10:     layout_basic, lair_entry_dummy, uniq_psyche
Lair:1:   layout_long_grid, nicolae_volcano_entry_lava_flow,
          gauntlet_entry_generic, lemuel_fruit_fields, uniq_fannar, uniq_joseph
Gauntlet: gammafunk_gauntlet_one_two_three [gammafunk_gauntlet_arena_crates,
          gammafunk_gauntlet_arena_teeth, nicolae_gauntlet_arena_blocks,
          nicolae_gauntlet_arena_flowing_pool, nicolae_gauntlet_arena_x,
          gammafunk_gauntlet_arena_arrow_garden, nicolae_gauntlet_swirl,
          gammafunk_gauntlet_arena_grid, nicolae_gauntlet_arena_grate_2,
          gauntlet_exit_green]

Skill      XL: |  1  2  3  4  5  6  7  8  9 10 11 |
---------------+----------------------------------+-----
Fighting       | 1 2 3 4 5 6 8 9 11 | 11.0
Dodging        | 2 3 4 5 6 |  6.9
Spellcasting   | 3 4 6 7 8 9 |  9.6
Conjurations   | 2 3 4 5 6 7 |  7.3
Fire Magic     | 4 5 6 7 |  7.9
Stealth        | |  1.7

Action                   |  1- 3 |  4- 6 |  7- 9 | 10-12 || total
-------------------------+-------+-------+-------+-------++-------
Melee: Unarmed           |    34 |       |       |       ||    34
       Tailslap          |    12 |    12 |    26 |    58 ||   108
       Mace              |    42 |    69 |       |       ||   111
       Flail             |       |    41 |   274 |   418 ||   733
 Cast: Flame Tongue      |    37 |    92 |    98 |    10 ||   237
       Sticky Flame      |       |       |    30 |    78 ||   108
       Fireball          |       |       |     3 |     9 ||    12
Invok: Lunge             |       |       |    10 |    17 ||    27
       Whirlwind         |       |       |       |     3 ||     3
 Abil: Breathe Noxious F |       |       |     4 |     1 ||     5
Evoke: Lightning rod     |       |       |       |     4 ||     4
  Use: Scroll            |       |       |    13 |     9 ||    22
       Potion            |       |       |     1 |     9 ||    10
 Stab: Sleeping          |       |     2 |     1 |     3 ||     6
       Confused          |       |       |     2 |       ||     2
  Eat: Chunk             |     2 |     6 |    21 |    14 ||    43
       Ration            |       |       |       |     2 ||     2
Armor: Skin              |    37 |    35 |   133 |   186 ||   391
Dodge: Dodged            |    85 |   146 |   398 |   525 ||  1154
Block: Other             |       |       |     5 |   173 ||   178
       Reflection        |       |       |       |     6 ||     6

Table legend:
 A = Non-vault XP
 B = Vault XP
 C = Vault XP percentage of total XP
 D = Non-vault monster count
 E = Vault monster count
 F = Vault count percentage of total count
                 A         B        C        D         E       F
            +---------+---------+-------+---------+---------+-------
      Total |    9141 |   10051 |  52.4 |     243 |      76 |  23.8
            +---------+---------+-------+---------+---------+-------
        D:1 |      47 |       0 |   0.0 |      24 |       0 |   0.0
        D:2 |     171 |     227 |  57.0 |      31 |       1 |   3.1
        D:3 |     205 |      75 |  26.8 |      23 |      15 |  39.5
        D:4 |     375 |      35 |   8.5 |      12 |       1 |   7.7
        D:5 |     128 |      48 |  27.3 |      11 |       7 |  38.9
        D:6 |     525 |       0 |   0.0 |      14 |       0 |   0.0
        D:7 |    1185 |     403 |  25.4 |      24 |       3 |  11.1
        D:8 |    2003 |    4815 |  70.6 |      45 |      12 |  21.1
        D:9 |    2498 |    1323 |  34.6 |      34 |      18 |  34.6
       D:10 |    1861 |     454 |  19.6 |      24 |       1 |   4.0
     Lair:1 |     143 |       0 |   0.0 |       1 |       0 |   0.0
      Sewer |       0 |     120 | 100.0 |       0 |       6 | 100.0
   Gauntlet |       0 |    2551 | 100.0 |       0 |      12 | 100.0
            +---------+---------+-------+---------+---------+-------
